 Dungeon Crawl Stone Soup version 0.31.0-32-g396128a36d (webtiles) character file.

Game seed: 18176782410772651723

7607 Cruel the Covert (level 11, 0/61 HPs)
             Began as an Octopode Alchemist on Mar 30, 2024.
             Was an Initiate of Gozag.
             Slain by a vampire (12 damage)
             ... on level 9 of the Dungeon.
             The game lasted 01:14:13 (10106 turns).

Cruel the Covert (Octopode Alchemist)              Turns: 10106, Time: 01:14:14

Health: 0/61       AC:  2    Str:  8    XL:     11   Next: 17%
Magic:  9/14       EV: 16    Int: 18    God:    Gozag
Gold:   1262       SH:  5    Dex: 18    Spells: 4/14 levels left

rFire   . . .        a - +2 short sword (drain)
rCold   . . .        (no shield)
rNeg    . . .        e - +1 hat "Zioz Keel" {+Inv Dex+2}
rPois   .            k - amulet of reflection
rElec   .            (no ring)
rCorr   .            (no ring)
SInv    .            (no ring)
Will    .....        (no ring)
Stlth   +++++        (no ring)
HPRegen 0.30/turn    (no ring)
MPRegen 0.14/turn    (no ring)
                     (no ring)

%: reflection
@: very slightly contaminated
A: almost no armour, amphibious, 8 rings, camouflage 1, gelatinous body 1,
(nimble swimmer 1), tentacles
a: Renounce Religion, Evoke Invisibility, Potion Petition, Call Merchant, Bribe
Branch


You were on level 9 of the Dungeon.
You worshipped Gozag.
Gozag was most pleased with you.
You visited 2 branches of the dungeon, and saw 11 of its levels.
You also visited: Ossuary.

You collected 1463 gold pieces.
You paid 201 gold pieces to Gozag.

Inventory:

Hand Weapons
 a - a +2 short sword of draining (weapon)
 b - a +5 sling of draining
 f - a +0 dagger
 g - a +0 short sword
 q - a +0 dagger of venom
Missiles
 w - 14 poisoned darts
 J - a curare-tipped dart
Armour
 e - the +1 hat "Zioz Keel" (worn) {+Inv Dex+2}
   (You acquired it on level 4 of the Dungeon)

   Dex+2:     It affects your dexterity (+2).
   +Inv:      It lets you turn invisible.
 m - a +0 kite shield
Jewellery
 k - an amulet of reflection (around mantle)
 E - an amulet of faith
 H - a ring of resist corrosion
Talismans
 y - a dragon-blood talisman
 G - a serpent talisman
Wands
 i - a wand of paralysis (2)
 F - a wand of flame (21)
 I - a wand of acid (4)
Scrolls
 c - 2 scrolls of immolation
 n - 5 scrolls of amnesia
 o - a scroll of teleportation
 s - 2 scrolls of silence {unknown}
 t - a scroll of fear {unknown}
 u - a scroll of vulnerability {unknown}
 v - a scroll of enchant weapon {unknown}
 D - 2 scrolls of blinking {unknown}
 K - a scroll of identify
Potions
 d - 2 potions of magic
 h - 2 potions of resistance
 j - a potion of lignification {unknown}
 l - 4 potions of haste
 p - 4 potions of brilliance
 r - 3 potions of mutation
 x - a potion of attraction {unknown}
 z - a potion of cancellation {unknown}
 A - a potion of invisibility {unknown}
 B - 2 potions of curing


   Skills:
 - Level 5.0 Short Blades
 - Level 8.0 Ranged Weapons
 + Level 5.1 Dodging
 - Level 8.0 Stealth
 - Level 2.0 Spellcasting
 - Level 6.0 Conjurations
 + Level 0.0 Fire Magic
 - Level 7.0 Air Magic
 - Level 8.0 Alchemy
 + Level 4.2 Evocations


You had 4 spell levels left.
You knew the following spells:

 Your Spells              Type           Power      Damage    Failure   Level
a - Sting                 Conj/Alch      100%       1d9       1%          1
b - Mercury Vapours       Alch/Air       56%        N/A       1%          2
c - Mephitic Cloud        Conj/Alch/Air  27%        N/A       3%          3
d - Sticky Flame          Fire/Alch      16%        2d5       34%         4

Your spell library contained the following spells:

 Spells                   Type           Power      Damage    Failure   Level
 Swiftness                Air            27%        N/A       3%          3
 Olgreb's Toxic Radiance  Alch           30%        N/A       7%          4
 Dazzling Flash           Conj/Hex       24%        N/A       16%         3
 Stone Arrow              Conj/Erth      24%        3d8       16%         3
 Slow                     Hex            4%         N/A       19%         1
 Ensorcelled Hibernation  Hex/Ice        2%         N/A       26%         2
 Lesser Beckoning         Tloc           2%         N/A       26%         2
 Confusing Touch          Hex            1%         N/A       47%         3
 Gell's Gravitas          Tloc           1%         N/A       47%         3
 Passwall                 Erth           1%         N/A       47%         3
 Sigil of Binding         Hex            1%         N/A       47%         3
 Teleport Other           Tloc           1%         N/A       47%         3
 Vampiric Draining        Necr           1%         2d6       47%         3
 Volatile Blastmotes      Fire/Tloc      2%         2d10      47%         3
 Starburst                Conj/Fire      6%         6d4       100%        6
 Lehudib's Crystal Spear  Conj/Erth      6%         10d3      100%        8
 Maxwell's Capacitive Co  Air            13%        ∞         100%        8
 Animate Armour           Summ/Erth      Unusable   N/A       N/A         4

Dungeon Overview and Level Annotations

Branches:
Dungeon (10/15)            Temple (1/1) D:7         Ossuary (visited)
   Lair: D:8-11         Orc: D:9-12

Altars:
Ashenzari
Cheibriados
Dithmenos
Elyvilon
Gozag
Hepliaklqana
Makhleb
Nemelex Xobeh
Okawaru
Qazlal
Ru
Sif Muna
Trog
Uskayaw
Vehumet
Wu Jian
Xom
Yredelemnul
The Shining One

Shops:
D:1 [   D:4 (

Annotations:
D:7 1 runed translucent door, LowPressure's ghost, novice DsGl


Innate Abilities, Weirdness & Mutations

You cannot wear most types of armour.
You are amphibious.
You can wear up to eight rings at the same time.
Your skin changes colour to match your surroundings (Stealth+).
Your rubbery body absorbs attacks. (AC +1, EV +1)
((You are camouflaged when in or above water. (Stealth+)))
You have tentacles for arms and can constrict up to eight enemies at once.


Message History

Unknown command.
You're too confused to cast spells.
Okay, then.
You feel much better.
You feel sick. The killer bee stings you.
The killer bee is engulfed in noxious fumes.
The killer bee appears confused.
The killer bee barely misses you.
The killer bee stings itself.
The killer bee barely misses something.
You hear some strange, mumbled words.
You are more confused.
The killer bee misses you.
The killer bee closely misses something.
The killer bee barely misses itself.
You feel better. The killer bee misses you.
The killer bee is engulfed in noxious fumes.
The killer bee appears confused.
Something hits you! You block something's attack. The killer bee stings you.
The killer bee is engulfed in noxious fumes.
The killer bee closely misses something.
You closely miss the killer bee. Your grab misses the killer bee.
The killer bee is moderately wounded.
The killer bee stings you but does no damage.
The killer bee is engulfed in noxious fumes.
The killer bee appears confused.
The killer bee barely misses something.
Something hits you! Something bites you.
* * * LOW HITPOINT WARNING * * *
Something draws strength from your injuries!
Casting: Mephitic Cloud (dangerous; 3% risk of failure)
Confirm with . or Enter, or press ? or * to list all spells.
Aiming: Mephitic Cloud (dangerous; 3% risk of failure)
Press: ? - help, Shift-Dir - straight line You miscast Mephitic Cloud.
You are very lightly contaminated with residual magic.
Nothing appears to happen.
The killer bee misses you.
The killer bee is engulfed in noxious fumes.
The killer bee appears confused.
The killer bee stings you.
* * * LOW HITPOINT WARNING * * *
The killer bee is engulfed in noxious fumes.
The killer bee appears confused.
Something hits you!
You die...
Your body crumbles into a pile of gold.

#.......# #........# ######.
######'## ####.##### #. ###..#
#..# #. #...## ###.### #.
###.### #####.....# ## #.....#
#<........### #######
#.....###.###.......####......
#.........# #.y...#....#......
## #.....#####
#@{...####)#...... .###.....#
#§§...# #..).).). .........#
#y§§y.# ###.)..). ####.....#
#.....# #...).. #.....#
#.....# #...... #.....#
####.## ####.## ####.##
####.># #..# ##.# #....## ##.#
#..# #.#### #.#


You could see 3 killer bees.

Vanquished Creatures
  Joseph (D:8)
  Psyche (D:8)
  Grinder (D:4)
  A wyvern (D:8)
  A shadow (D:9)
  6 yaks (D:9)
  Eustachio (D:4)
  A steam dragon (D:8)
  Edmund (D:5)
  4 vampire mosquitoes (D:7)
  Menkaure (D:4)
  6 water moccasins
  6 orc warriors
  2 sky beasts (D:8)
  2 black bears
  An ice beast (D:7)
  An ogre (D:6)
  2 centaurs (D:8)
  2 phantoms
  A kobold brigand (D:9)
  5 bullfrogs
  A gnoll sergeant (D:8)
  A scorpion (D:6)
  2 elf skeletons (D:6)
  4 killer bees
  3 howler monkeys
  A jelly (D:6)
  3 bombardier beetles
  Crazy Yiuf (D:5)
  A gnoll bouda (D:7)
  11 orc priests
  6 hounds
  2 human skeletons (D:6)
  Ijyb (D:5)
  Natasha (thrice) (D:3)
  4 iguanas
  11 orc wizards
  8 mummies (Ossuary)
  9 adders
  7 gnolls
  3 white imps
  2 ufetubi (D:6)
  3 dart slugs
  2 ribbon worms (D:2)
  39 orcs
  9 ball pythons
  8 bats
  8 endoplasms
  3 giant cockroaches
  A gnoll zombie (Ossuary)
  11 goblins
  11 hobgoblins
  7 jackals
  19 kobolds
  5 quokkas
  4 frilled lizards
  3 hobgoblin zombies (Ossuary)
  3 kobold zombies (Ossuary)
  An orc skeleton (D:6)
  2 orc zombies
  10 rats
280 creatures vanquished.

Notes
Turn   | Place    | Note
-------+----------+-------------------------------------------
     0 | D:1      | Cruel the Octopode Alchemist began the quest for the Orb.
     0 | D:1      | Reached XP level 1. HP: 11/11 MP: 3/3
   148 | D:1      | Reached XP level 2. HP: 17/17 MP: 3/5
   185 | D:1      | Learned a level 2 spell: Mercury Vapours
   227 | D:1      | Found Zusul's Antique Armour Emporium.
   448 | D:1      | Reached XP level 3. HP: 21/21 MP: 6/6
  1251 | D:2      | Reached XP level 4. HP: 27/27 MP: 7/7
  1403 | D:2      | Reached skill level 1 in Ranged Weapons
  1847 | D:2      | Reached XP level 5. HP: 15/31 MP: 5/8
  2056 | D:3      | Noticed Natasha
  2062 | D:3      | Killed Natasha
  2124 | D:3      | Noticed Natasha
  2126 | D:3      | Killed Natasha
  2181 | D:3      | Found a stormy altar of Qazlal.
  2388 | D:3      | Reached skill level 1 in Air Magic
  2388 | D:3      | Reached XP level 6. HP: 36/36 MP: 9/9
  2403 | D:3      | Noticed Natasha
  2411 | D:3      | Killed Natasha
  2562 | D:4      | Reached skill level 5 in Alchemy
  2862 | D:4      | Found Qerch's Weapon Shop.
  3015 | D:4      | Reached XP level 7. HP: 41/41 MP: 8/10
  3029 | D:4      | Noticed Eustachio
  3060 | D:4      | Noticed Grinder
  3128 | D:4      | Paralysed by Grinder for 3 turns
  3132 | D:4      | Killed Grinder
  3466 | D:4      | Killed Eustachio
  3467 | D:4      | Reached skill level 5 in Ranged Weapons
  3467 | D:4      | Reached skill level 5 in Stealth
  3467 | D:4      | Reached XP level 8. HP: 21/46 MP: 3/11
  3884 | D:4      | Noticed Menkaure
  3899 | D:4      | Killed Menkaure
  4085 | D:4      | Identified a scroll of acquirement
  4085 | D:4      | Acquired the +1 hat "Zioz Keel" {+Inv Dex+2}
  4245 | D:5      | Entered Level 5 of the Dungeon
  4458 | D:5      | Noticed Ijyb
  4463 | D:5      | Killed Ijyb
  4844 | D:5      | Found a runed translucent door.
  4845 | D:5      | Noticed Crazy Yiuf
  4850 | D:5      | Killed Crazy Yiuf
  4881 | D:5      | Noticed Edmund
  4902 | D:5      | Killed Edmund
  5012 | D:5      | Found a hide-covered altar of Uskayaw.
  5020 | D:5      | Found a basalt altar of Yredelemnul.
  5027 | D:5      | Found an ornate altar of the Wu Jian Council.
  5034 | D:5      | Found a glowing golden altar of the Shining One.
  5040 | D:5      | Found a hazy altar of Hepliaklqana.
  5048 | D:5      | Found a broken altar of Ashenzari.
  5053 | D:5      | Found a shimmering blue altar of Sif Muna.
  5258 | D:6      | Reached XP level 9. HP: 36/51 MP: 7/12
  5286 | D:6      | Reached skill level 1 in Short Blades
  5378 | D:6      | Learned a level 3 spell: Mephitic Cloud
  5395 | D:6      | Found a sand-covered staircase.
  5439 | Ossuary  | Entered an ossuary
  6132 | D:6      | Found an opulent altar of Gozag.
  6296 | D:6      | Became a worshipper of Gozag Ym Sagoz the Greedy
  6478 | D:7      | Reached skill level 5 in Short Blades
  6544 | D:7      | Found a staircase to the Ecumenical Temple.
  6551 | Temple   | Entered the Ecumenical Temple
  6632 | D:7      | Found a runed translucent door.
  6633 | D:7      | Found a shimmering altar of Xom.
  6633 | D:7      | Noticed LowPressure's ghost (novice DsGl)
  6633 | D:7      | Noticed a +1 short sword of chaos
  6819 | D:7      | Reached skill level 5 in Conjurations
  6819 | D:7      | Reached XP level 10. HP: 56/56 MP: 13/13
  6823 | D:7      | Reached skill level 5 in Air Magic
  7295 | D:8      | Noticed Joseph
  7661 | D:8      | Found a shimmering altar of Xom.
  8090 | D:8      | Found a snail-covered altar of Cheibriados.
  8408 | D:8      | Killed Joseph
  8425 | D:8      | Noticed Psyche
  8867 | D:8      | Killed Psyche
  9116 | D:9      | Found a sacrificial altar of Ru.
  9117 | D:9      | Found a white marble altar of Elyvilon.
  9222 | D:9      | Reached skill level 1 in Evocations
  9637 | D:9      | Reached XP level 11. HP: 61/61 MP: 8/14
  9780 | D:9      | Reached skill level 5 in Dodging
 10012 | D:9      | Learned a level 4 spell: Sticky Flame
 10028 | D:10     | Entered Level 10 of the Dungeon
 10028 | D:10     | Noticed a centaur warrior
 10106 | D:9      | Slain by a vampire

Illustrated notes

Levels and vault maps discovered:
D:1:      onia_arrival_handbag, layout_basic, serial_shops, nicolae_shop_stone
D:2:      minmay_spotlight, layout_loops_cross, minmay_misc_feat_encased,
          grunt_decor_resistance, hangedman_decor_growths
D:3:      layout_rooms, nicolae_qazlal_scattered_showers, uniq_natasha
D:4:      layout_cave_pods, serial_shops, shop, corexii_leaking_fountain,
          kennysheep_generic_room_9, uniq_eustachio, uniq_menkaure, uniq_grinder
D:5:      layout_basic, grunt_temple_overflow_octagram, uniq_ijyb,
          uniq_crazy_yiuf_cottage, uniq_edmund
D:6:      layout_basic, nicolae_gozag_seed_capital,
          nicolae_ossuary_entry_catacombs
D:7:      layout_cave_pools, minmay_temple_entry_wispy, ebering_ghost_xom,
          grunt_ministairs_15
D:8:      layout_basic, slow_altar_1, xom_teletrap_fun,
          hangedman_minor_gate_pass, uniq_joseph, uniq_psyche
D:9:      layout_roguey, mainiacjoe_overflow_catwalk_spiral
D:10:     layout_cave_pools, grunt_temple_overflow_growth_and_decay,
          mainiacjoe_overflow_cross_hatched, orc_0_dummy, serial_undead,
          serial_undead_d, serial_undead_e, serial_undead_c, serial_undead_c,
          serial_undead_d, serial_undead_b, serial_undead_d, serial_undead_e,
          uniq_grum, uniq_harold, uniq_josephine
Temple:   nicolae_temple_bog_church

Skill      XL: |  1  2  3  4  5  6  7  8  9 10 11 |
---------------+----------------------------------+-----
Conjurations   | 2 3 4 5 6 |  6.0
Alchemy        | 4 5 6 8 |  8.0
Stealth        | 3 4 5 8 |  8.0
Ranged Weapons | 1 2 3 5 6 8 |  8.0
Air Magic      | 1 2 3 4 7 |  7.0
Short Blades   | 5 |  5.0
Dodging        | 4 5 |  5.1
Evocations     | 2 4 |  4.2
Spellcasting   | |  2.0

Action                     |  1- 3 |  4- 6 |  7- 9 | 10-12 || total
---------------------------+-------+-------+-------+-------++-------
  Melee: Unarmed           |     4 |       |       |       ||     4
         Dagger            |    12 |       |       |       ||    12
         Constrict         |     6 |    12 |    20 |    17 ||    55
         Tentacles         |     3 |    10 |    32 |    20 ||    65
         Short sword       |    11 |    47 |   122 |   112 ||   292
         Punch             |       |       |     4 |     2 ||     6
   Fire: Sling             |    41 |    76 |   221 |   168 ||   506
   Cast: Sting             |     8 |    10 |    23 |    10 ||    51
         Mercury Vapours   |       |    12 |    17 |     7 ||    36
         Mephitic Cloud    |       |       |       |    25 ||    25
  Evoke: Wand              |       |       |     1 |     6 ||     7
    Use: Scroll            |       |     2 |     9 |       ||    11
         Potion            |       |       |     2 |     3 ||     5
   Stab: Sleeping          |     4 |     1 |     3 |       ||     8
         Paralysed         |       |       |     1 |     3 ||     4
         Confused          |       |       |       |    11 ||    11
 Armour: Skin              |    14 |    34 |    71 |    72 ||   191
  Dodge: Dodged            |    15 |    46 |    76 |    80 ||   217
  Block: Other             |       |       |       |    11 ||    11
         Reflection        |       |       |       |     1 ||     1
